 Dungeon Sprint DCSS version 0.31-a0-876-gfe8ebadbca (webtiles) character file.

Game seed: 12413375950374874561

2 sircluck the Ruffian (level 1, -4/22 HPs)
             Began as a Troll Berserker on Oct 13, 2023.
             Was a Believer of Trog.
             Slain by Jessica
             ... wielding a +1 dagger of venom
              (6 damage)
             ... in the Dungeon (Sprint III: "The Ten Rune Challenge").
             The game lasted 00:00:04 (46 turns).

sircluck the Ruffian (Troll Berserker)                Turns: 46, Time: 00:00:04

Health: -4/22      AC:  4    Str: 24    XL:     1   Next: 33%
Magic:  0/0        EV: 10    Int:  3    God:    Trog [**....]
Gold:   0          SH:  0    Dex:  9    Spells: 0/0 levels left

rFire   . .          .
                       - Unarmed
rCold   . . .        (no shield)
rNeg    . . .        a - +0 animal skin
rPois   .            (helmet restricted)
rElec   .            (no cloak)
rCorr   .            (gloves unavailable)
SInv    .            (boots unavailable)
Will    .....        (no amulet)
Stlth   +            (no ring)
HPRegen 1.03/turn    (no ring)
MPRegen 0.07/turn

%: no teleportation
@: lethally poisoned (-4 -> -13)
A: large, unfitting armour, claws 3, regeneration 1, shaggy fur 1, tough skin 1
a: Renounce Religion, Berserk, Trog's Hand


You were in the Dungeon.
You worshipped Trog.
Trog was pleased with you.
You visited 1 branch

Inventory:

Armour
 a - a +0 animal skin (worn)
Scrolls
 g - a scroll of blinking
 h - a scroll of identify {unknown}
 i - a scroll of revelation {unknown}
Potions
 b - a potion of curing
 c - a potion of heal wounds
 d - a potion of haste
 e - 2 potions of magic
 f - a potion of berserk rage


   Skills:
 + Level 2.8 Fighting
 + Level 2.7 Dodging
 + Level 3.3 Unarmed Combat


You couldn't memorise any spells.
You didn't know any spells.
Your spell library was empty.

Dungeon Overview and Level Annotations

Branches:
Dungeon (1/1)

Altars:

Annotations:
D Jessica


Innate Abilities, Weirdness & Mutations

You are too large for most types of armour.
You have claws for hands.
Your natural rate of healing is unusually fast.
You are covered in fur. (AC +1)
You have tough skin. (AC +1)


Message History

A rat is nearby!
A rat is nearby!
The rat misses you.
A rat is nearby!
You scratch the rat but do no damage. The rat bites you but does no damage.
A rat is nearby!
You scratch the rat.
You kill the rat!
Trog accepts your kill.
You can now call upon Trog for regeneration and willpower.
i - a scroll labelled GAFIAMM WUWETO No target in view!
Jessica the Apprentice Sorceress comes into view.
She is wielding a +1 dagger of venom.
Jessica gestures wildly while chanting.
Jessica blinks!
Jessica is nearby!
You barely miss Jessica.
Jessica hits you with a +1 dagger of venom.
Jessica is nearby!
Jessica is nearby!
You scratch Jessica.
Jessica is heavily wounded.
Jessica hits you with a +1 dagger of venom.
You are poisoned.
Jessica is nearby!
You barely miss Jessica.
Jessica is heavily wounded.
You feel very sick.
Jessica hits you with a +1 dagger of venom!
* * * LOW HITPOINT WARNING * * *
You are lethally poisoned!
There is a lethal amount of poison in your body!
You are too injured to fight recklessly!
You are too injured to fight recklessly!
You completely miss Jessica.
Jessica is heavily wounded.
* * * LOW HITPOINT WARNING * * *
You feel very sick.
Jessica hits you with a +1 dagger of venom.
You die...

▓▓▓▓▓▓▓▓▓
▓<..#...####
▓...#......##
▓..##....†..#
▓##.##.##.@.#
##.##.###@.#
▓#.####.##..#
▓.###..##..##
▓#.....##..#
###..##...#
##..##....#
#..## ..##.
#..# #.. #
▓▓▓▓


You could see Jessica.

Vanquished Creatures
  An endoplasm (D)
  2 rats (D)
3 creatures vanquished.

Notes
Turn   | Place    | Note
-------+----------+-------------------------------------------
     0 | D        | sircluck the Troll Berserker began the quest for the Orb.
     0 | D        | Reached XP level 1. HP: 22/22 MP: 0/0
    32 | D        | Reached ** piety under Trog
    41 | D        | Noticed Jessica
    46 | D        | Slain by Jessica

Illustrated notes

Levels and vault maps discovered:
D:        dungeon_sprint_mu [sprint_mu_entry_cave, sprint_mu_temple_rooms,
          sprint_mu_d1_horrors, sprint_mu_d2_genie, sprint_mu_d3_branching,
          sprint_mu_orc_legion, sprint_mu_elf_gauntlet, sprint_mu_hive_nellie,
          sprint_mu_lair_fedhas, sprint_mu_vaults_butterflies,
          sprint_mu_slime_circle, sprint_mu_swamp_cave, sprint_mu_shoals_kraken,
          sprint_mu_blade_basic, sprint_mu_crypt_fortress,
          sprint_mu_tomb_spiral, sprint_mu_vestibule_basic,
          sprint_mu_gehenna_hellfire, sprint_mu_dis_giant,
          sprint_mu_tartarus_statrot, sprint_mu_cocytus_islands, sprint_mu_zot1]

Action                     || total
---------------------------++-------
  Melee: Unarmed           ||    11
 Armour: Animal skin       ||     6
  Dodge: Dodged            ||     3

Table legend: (Time is in decaauts)
 A = Elapsed time spent in this place.
 B = Non-inter-level travel time spent in this place.
 C = Inter-level travel time spent in this place.
 D = Time resting spent in this place.
 E = Time spent auto-exploring this place.
 F = Levels seen in this place.
 G = Mean time per level.
                   A        B        C        D        E       F      G
               +--------+--------+--------+--------+--------+-----+--------+
         Total |     45 |     45 |      0 |      0 |     25 |   1 |   45.0 |
       Dungeon |     45 |     45 |      0 |      0 |     25 |   1 |   45.0 |
               +--------+--------+--------+--------+--------+-----+--------+

Top non-repeatable levels by time:
       D: 45 daAuts
